 Dungeon Sprint DCSS version 0.14-a0-2542-g51e44bb (webtiles) character file.

10150 4tharraofdagon the Cleaver (level 11, -3/108 HPs)
             Began as a Djinni Fighter on Feb 10, 2014.
             Was the Champion of Makhleb.
             Slain by a merfolk aquamancer
             ... wielding the +4,+5 cutlass of Ointment {venom, Str+2 Int+3}
              (7 damage)
             ... in the Dungeon (Sprint V: "Ziggurat Sprint").
             The game lasted 00:04:55 (270 turns).

4tharraofdagon the Cleaver (Djinni Fighter)          Turns: 270, Time: 00:04:56

HP  -3/108       AC 21     Str 38      XL: 11   Next: 32%
MP   0/0         EV  9     Int 14      God: Makhleb [******]
Gold 0           SH 56     Dex 14      Spells:  0 memorised, 10 levels left

rFire  + + +     SeeInvis +     H - +12,+15 obsidian axe {chop, +Fly Str+3 SInv Curse}
rCold  + . .     Clarity  .     d - +5 ice dragon armour
rNeg   + + +     Conserve +     I - +27 shield of the gong {rElec rN+ MR+ EV-5}
rPois  .         rCorr    .     (no helmet)
rElec  +         rRot     .     (no cloak)
SustAb . .       Spirit   .     m - +1 pair of gloves {Str+3}
rMut   .         Warding  .     (boots unavailable)
Saprov . . .     NoTele   +     Q - amulet of the Moon {Cons Dex+2 Int+5}
MR     ++...                    F - +6 ring of strength
                                G - +6 ring of strength

@: mesmerised, non-regenerating, invisible, flying, mildly poisoned, mildly
diseased, very slightly contaminated, very resistant to hostile enchantments,
extremely unstealthy
A: fire immunity, cold vulnerability, life protection 3
a: Minor Destruction, Lesser Servant of Makhleb, Major Destruction, Greater
Servant of Makhleb, Renounce Religion


You were in the Dungeon.
You worshipped Makhleb.
Makhleb was exalted by your worship.
You were not hungry.

You visited 1 branch

Inventory:

Hand weapons
 a - a +0,+0 hand axe
 H - the cursed +12,+15 obsidian axe (weapon) {chop, +Fly Str+3 SInv Curse}
   (You found it in the Dungeon)

   It inflicts extra damage upon your enemies.
   It affects your strength (+3).
   It enhances your eyesight.
   It lets you fly.
   It may recurse itself when equipped.
   It has a curse placed upon it.
Armour
 b - a +0 scale mail
 c - a +0 shield
 d - a +5 ice dragon armour (worn)
 m - a +1 pair of gloves of strength (worn)
 I - the +27 shield of the gong (worn) {rElec rN+ MR+ EV-5}
   (You found it in the Dungeon)

   It affects your evasion (-5).
   It insulates you from electricity.
   It protects you from negative energy.
   It affects your resistance to hostile enchantments.
 P - the cursed +0 pair of boots "Woijix" {Dex+4 Int+4}
   (You found it in the Dungeon)

   It affects your intelligence (+4).
   It affects your dexterity (+4).
   It has a curse placed upon it.
Magical devices
 y - a wand of cold (5)
 z - a wand of disintegration (7)
 A - a wand of draining (5)
 B - a wand of fire (5)
Scrolls
 j - 4 scrolls of blinking
 r - 2 scrolls of amnesia
 s - 2 scrolls of fear
 t - 5 scrolls of fog
 u - a scroll of holy word
 v - 4 scrolls of identify
 w - 3 scrolls of recharging
 x - 4 scrolls of remove curse
Jewellery
 D - a +6 ring of intelligence
 E - a +6 ring of intelligence
 F - a +6 ring of strength (right hand)
 G - a +6 ring of strength (left hand)
 K - the ring "Niruw" {Wiz Dex-2}
   (You found it in the Dungeon)

   [ring of wizardry]

   It affects your dexterity (-2).
 L - the amulet of Udas {Faith Str+3 Int-5}
   (You found it in the Dungeon)

   [amulet of faith]

   It affects your strength (+3).
   It affects your intelligence (-5).
 Q - the amulet of the Moon (around neck) {Cons Dex+2 Int+5}
   (You found it in the Dungeon)

   [amulet of conservation]

   It affects your intelligence (+5).
   It affects your dexterity (+2).
 R - the amulet "Ebridij" {Stasis MR++}
   (You found it in the Dungeon)

   [amulet of stasis]

   It affects your resistance to hostile enchantments.
Potions
 e - 10 potions of curing
 f - 7 potions of heal wounds
 g - 6 potions of speed
 h - 7 potions of magic
 i - 5 potions of agility
 k - 2 potions of berserk rage
 l - 2 potions of brilliance
 n - a potion of invisibility
 o - 5 potions of might
 p - 4 potions of resistance
 q - 2 potions of restore abilities
Books
 J - a book of the Tempests

   Spells                             Type                      Level
   Static Discharge                   Conjuration/Air              3
   Lightning Bolt                     Conjuration/Air              5
   Fireball                           Conjuration/Fire             5
   Tornado                            Air                          9
   Shatter                            Earth                        9
 N - a book of Enchantments

   Spells                             Type                      Level
   Cause Fear                         Hexes                        4
   Silence                            Hexes/Air                    5
   Tukima's Dance                     Hexes                        5
   Deflect Missiles                   Charms/Air                   6
   Haste                              Charms                       6
   Discord                            Hexes                        8
Magical staves
 C - an uncursed staff of energy
Miscellaneous
 M - a lamp of fire
 O - a fan of gales


   Skills:
 + Level 10.4 Fighting
 * Level 13.8 Axes
 + Level 12.2 Armour
 + Level 10.0 Dodging
 + Level 11.1 Shields
 + Level 12.6 Evocations


You had 10 spell levels left.
You didn't know any spells.

Dungeon Overview and Level Annotations

Branches:
Dungeon (1/1)

Altars:
Ashenzari
Cheibriados
Dithmengos
Elyvilon
Fedhas
Kikubaaqudgha
Makhleb
Nemelex Xobeh
Okawaru
Sif Muna
Trog
Vehumet
Xom
Yredelemnul
Zin
The Shining One
Beogh
Jiyva
Lugonu


Innate Abilities, Weirdness & Mutations

You are immune to all types of fire, even holy and hellish.
You are vulnerable to cold.
You need no food.
You have no legs.
You are immune to negative energy.


Message History

You block the alligator snapping turtle's attack.
BONNNG!
Unknown command.
Unknown command.
You open a gate to Pandemonium!
A demon appears!
You hit the alligator snapping turtle.
The alligator snapping turtle is moderately wounded.
You hit the snapping turtle but do no damage.
The snapping turtle is severely wounded.
You closely miss the merfolk aquamancer.
The merfolk aquamancer is moderately wounded.
Your sixfirhy disappears in a puff of smoke!
The merfolk impaler picks up a javelin.
You block the merfolk impaler's attack.
GONNNNG!
The merfolk javelineer is engulfed in a cloud of scalding steam.
The merfolk javelineer throws a javelin.
The javelin hits your hellwing.
You hear a splash.
The merfolk aquamancer hits you with the +4,+5 cutlass of Ointment {venom, Str+2 Int+3}!
You die...

8©8≈ ▓...8©8...▓
)≈|})}[≈[▓..)).))..▓
▓..""[.).≈▓...)4[...▓
▓.≈.≈....[▓.........▓
▓.≈≈mm≈m..▓.........▓
▓.≈.mmmm..▓.........▓
▓≈≈H.m§mm.▓.........▓
▓..≈tH4m.≈▓.▓.....▓.▓
▓.|≈m@m.[.▓.........▓
▓≈..t%§...▓▓▓▓▓▓▓▓▓▓▓
▓▓▓▓▓▓▓▓▓▓▓


You could see an alligator snapping turtle, a siren, 2 merfolk impalers, 5
merfolk javelineers, 3 merfolk aquamancers, a snapping turtle, 2 manticores, 2
mermaids and a friendly hellwing.

Vanquished Creatures
  A tentacled starspawn (D)
  A yaktaur captain (D)
  A fire dragon (D)
  A wretched star (D)
  A hell hog (D)
  A sea snake (D)
  An orc knight (D)
  A griffon (D)
  2 yaktaurs (D)
  An orange demon (D)
  An ancient zyme (D)
  A jumping spider (D)
  6 merfolk (D)
  2 fire vortices (D)
  A formicid (shapeshifter) (D)
  A water elemental (D)
  A fire elemental (D)
  2 deep elf fighters (D)
  A hippogriff (D)
  2 necrophages (D)
  2 phantoms (D)
  2 centaurs (D)
  A rotting devil (D)
  3 wights (D)
  2 crimson imps (D)
  An iron imp (D)
  A scorpion (D)
  3 sheep (D)
  A giant centipede (D)
  A worm zombie (D)
  3 ufetubi (D)
  A bat zombie (D)
  2 goblin zombies (D)
  A rat zombie (D)
  2 starspawn tentacles (D)
55 creatures vanquished.

Vanquished Creatures (collateral kills)
  A yaktaur (D)
  A merfolk (D)
2 creatures vanquished.

Vanquished Creatures (others)
  A merfolk aquamancer (D)
  A spatial maelstrom (D)
  A fire vortex (D)
  2 chaos spawn (D)
  57 starspawn tentacle segments (D)
62 creatures vanquished.

Grand Total: 119 creatures vanquished

Notes
Turn   | Place    | Note
--------------------------------------------------------------
     0 | D        | 4tharraofdagon, the Djinni Fighter, began the quest for the Orb.
     0 | D        | Reached XP level 1. HP: 16/16 MP: 0/0
     0 | D        | Found an ancient bone altar of Kikubaaqudgha.
     2 | D        | Found a basalt altar of Yredelemnul.
     2 | D        | Found an iron altar of Okawaru.
     3 | D        | Banished a spatial maelstrom
    22 | D        | Found a white marble altar of Elyvilon.
    22 | D        | Found a burning altar of Makhleb.
    24 | D        | Found a sparkling altar of Nemelex Xobeh.
    24 | D        | Found a deep blue altar of Sif Muna.
    24 | D        | Found a radiant altar of Vehumet.
    27 | D        | Found a bloodstained altar of Trog.
    54 | D        | Became a worshipper of Makhleb the Destroyer
    56 | D        | Reached skill level 4 in Axes
    56 | D        | Reached XP level 2. EP: 20/24
    57 | D        | Found a shimmering altar of Xom.
    58 | D        | Entered arena 1.
    58 | D        | Noticed a crimson imp
    58 | D        | Noticed a crimson imp
    60 | D        | Killed a crimson imp
    60 | D        | Reached XP level 3. EP: 24/31
    63 | D        | Killed a crimson imp
    63 | D        | Reached skill level 5 in Axes
    63 | D        | Reached skill level 5 in Armour
    63 | D        | Reached XP level 4. EP: 31/39
    69 | D        | Entered arena 2.
    69 | D        | Noticed a scorpion
    69 | D        | Noticed a jumping spider
    73 | D        | Acquired Makhleb's first power
    73 | D        | Killed a scorpion
    75 | D        | Killed a jumping spider
    75 | D        | Reached skill level 5 in Fighting
    75 | D        | Reached skill level 7 in Axes
    75 | D        | Reached XP level 5. EP: 30/49
    75 | D        | Reached XP level 6. EP: 34/57
    77 | D        | Acquired Makhleb's second power
    84 | D        | Entered arena 3.
    84 | D        | Noticed a merfolk
    84 | D        | Noticed a merfolk
    84 | D        | Noticed a merfolk
    84 | D        | Noticed a merfolk
    92 | D        | Killed a merfolk
    92 | D        | Reached skill level 5 in Dodging
    92 | D        | Reached XP level 7. EP: 44/66
    97 | D        | Killed a merfolk
    97 | D        | Reached skill level 8 in Axes
    98 | D        | Killed a merfolk
    98 | D        | Acquired Makhleb's third power
    98 | D        | Killed a merfolk
    98 | D        | Reached skill level 9 in Axes
    98 | D        | Reached XP level 8. EP: 47/76
   105 | D        | Entered arena 4.
   105 | D        | Noticed a centaur
   105 | D        | Noticed a yaktaur
   105 | D        | Noticed a yaktaur
   105 | D        | Noticed a centaur
   110 | D        | Killed a yaktaur
   110 | D        | Acquired Makhleb's fourth power
   112 | D        | Killed a centaur
   112 | D        | Killed a centaur
   113 | D        | Killed a yaktaur
   113 | D        | Reached skill level 10 in Axes
   118 | D        | Acquired Makhleb's fifth power
   122 | D        | Got the ring "Niruw" {Wiz Dex-2}
   123 | D        | Entered arena 5.
   123 | D        | Noticed a hell hog
   123 | D        | Noticed a fire elemental
   123 | D        | Noticed a fire vortex
   123 | D        | Noticed a fire vortex
   123 | D        | Noticed a fire vortex
   128 | D        | Killed a fire elemental
   128 | D        | Killed a hell hog
   128 | D        | Reached XP level 9. EP: 85/87
   128 | D        | Killed a fire vortex
   133 | D        | Killed a fire vortex
   133 | D        | Reached skill level 11 in Axes
   133 | D        | Reached skill level 10 in Evocations
   137 | D        | Killed a fire vortex
   143 | D        | Entered arena 6.
   143 | D        | Noticed a wight
   143 | D        | Noticed a necrophage
   143 | D        | Noticed a wight
   147 | D        | Killed a wight
   150 | D        | Killed a necrophage
   151 | D        | Killed a wight
   153 | D        | Reached skill level 10 in Armour
   160 | D        | Entered arena 7.
   160 | D        | Noticed a phantom
   160 | D        | Noticed a wight
   160 | D        | Noticed a necrophage
   160 | D        | Noticed a phantom
   163 | D        | Killed a phantom
   163 | D        | Killed a necrophage
   165 | D        | Killed a wight
   170 | D        | Killed a phantom
   178 | D        | Got the amulet of Udas {Faith Str+3 Int-5}
   181 | D        | Entered arena 8.
   181 | D        | Noticed a merfolk
   181 | D        | Noticed a merfolk
   181 | D        | Noticed a merfolk
   181 | D        | Noticed a hippogriff
   190 | D        | Killed a hippogriff
   190 | D        | Killed a merfolk
   192 | D        | Killed a merfolk
   192 | D        | Reached XP level 10. EP: 96/96
   193 | D        | Killed a merfolk
   200 | D        | Entered arena 9.
   200 | D        | Noticed a formicid
   200 | D        | Noticed a deep elf fighter
   200 | D        | Noticed a deep elf fighter
   200 | D        | Noticed a griffon
   200 | D        | Noticed a yaktaur captain
   200 | D        | Noticed a fire dragon
   200 | D        | Noticed an orc knight
   200 | D        | Noticed a yaktaur
   205 | D        | Killed a formicid
   207 | D        | Killed a griffon
   207 | D        | Reached skill level 12 in Axes
   210 | D        | Killed a fire dragon
   210 | D        | Reached skill level 10 in Shields
   212 | D        | Killed a yaktaur
   215 | D        | Killed a deep elf fighter
   215 | D        | Killed an orc knight
   218 | D        | Killed a deep elf fighter
   219 | D        | Killed a yaktaur captain
   233 | D        | Entered arena 10.
   233 | D        | Noticed a rotting devil
   233 | D        | Noticed a tentacled starspawn
   233 | D        | Noticed an orange demon
   233 | D        | Noticed a wretched star
   233 | D        | Noticed an ancient zyme
   233 | D        | Noticed an iron imp
   241 | D        | Killed a wretched star
   241 | D        | Reached skill level 13 in Axes
   242 | D        | Killed an iron imp
   244 | D        | Killed a rotting devil
   245 | D        | Killed an ancient zyme
   245 | D        | Reached skill level 10 in Fighting
   245 | D        | Reached XP level 11. EP: 104/106
   246 | D        | Killed a tentacled starspawn
   250 | D        | Killed an orange demon
   254 | D        | Got the cursed +0 pair of boots "Woijix" {Dex+4 Int+4}
   257 | D        | Got the amulet of the Moon {Cons Dex+2 Int+5}
   260 | D        | Got the amulet "Ebridij" {Stasis MR++}
   261 | D        | Entered arena 11.
   261 | D        | Noticed a merfolk impaler
   261 | D        | Noticed a merfolk javelineer
   261 | D        | Noticed a merfolk aquamancer
   261 | D        | Noticed a mermaid
   261 | D        | Noticed a merfolk aquamancer
   261 | D        | Noticed a mermaid
   261 | D        | Noticed a merfolk javelineer
   261 | D        | Noticed a merfolk javelineer
   261 | D        | Noticed a siren
   261 | D        | Noticed a water elemental
   261 | D        | Noticed a merfolk aquamancer
   261 | D        | Noticed a merfolk javelineer
   261 | D        | Noticed a snapping turtle
   261 | D        | Noticed a manticore
   261 | D        | Noticed an alligator snapping turtle
   261 | D        | Noticed a sea snake
   263 | D        | Noticed a merfolk aquamancer
   263 | D        | Noticed a manticore
   263 | D        | Noticed a merfolk javelineer
   263 | D        | Noticed a merfolk impaler
   266 | D        | Killed a water elemental
   266 | D        | Killed a sea snake
   269 | D        | Killed a merfolk aquamancer
   269 | D        | Reached skill level 10 in Dodging
   269 | D        | HP: 4/108 [merfolk aquamancer/ball of steam (13)]
   270 | D        | Identified the +4,+5 cutlass of Ointment {venom, Str+2 Int+3}
   270 | D        | Slain by a merfolk aquamancer

Action                   |  1- 3 |  4- 6 |  7- 9 | 10-12 || total
-------------------------+-------+-------+-------+-------++-------
Melee: Broad axe         |     3 |     8 |    36 |    35 ||    82
  Use: Potion            |     1 |     1 |     1 |     2 ||     5
 Stab: Distracted        |       |       |       |     1 ||     1
       Invisible         |       |       |       |     5 ||     5
